[Event "Titled Tuesday Blitz January 25 2022"]
[White "Demchenko, Anton"]
[Black "Aldokhin, Ivan"]
[WhiteFideId "4160258"]
[BlackFideId "24115720"]
[WhiteElo "2539"]
[BlackElo "2231"]
[Result "1-0"]
[Round "02"]
[TimeControl "180+1"]
[Date "2022.01.26"]
[WhiteClock "0:00:07"]
[BlackClock "0:00:03"]

1. e4 c5 2. Nf3 e6 3. d4 cxd4 4. Nxd4 a6 5. Bd3 Qc7 6. O-O Nf6 7. Qe2 d6 8. c4 Be7 9. Nc3 b6 10. f4 Bb7 11. f5 e5 12. Nc2 h6 13. Ne3 Nbd7 14. Bd2 Nc5 15. Bc2 Ncxe4 16. Nxe4 Nxe4 17. Bxe4 Bxe4 18. Qg4 Qb7 19. Qxg7 O-O-O 20. Qxf7 d5 21. cxd5 Bxd5 22. Qh5 Bc5 23. Rac1 Kb8 24. Rxc5 bxc5 25. Bc3 Rhg8 26. Rf2 Ka8 27. f6 Rg5 28. Qe2 Rdg8 29. h3 Rg3 30. Kh2 R3g5 31. Qf1 Bf7 32. Rf5 Qe4 33. Rxg5 hxg5 34. Qxa6+ Kb8 35. Qd6+ Ka8 36. Bxe5 Qb7 37. Qxc5 Re8 38. Qa5+ Qa7 39. Qxa7+ Kxa7 40. Bd4+ Kb7 41. Ng4 Re4 42. Bc3 Be6 43. Ne5 Rf4 44. Nf3 Bd5 45. Nxg5 Rf2 46. Kg3 Rxg2+ 47. Kf4 Rf2+ 48. Ke5 Bxa2 49. h4 Kc6 50. h5 Rg2 51. Ne4 Re2 52. Kf4 Bb1 53. Nd2 Rf2+ 54. Ke3 Rf5 55. Nxb1 Rxh5 56. Nd2 Rh3+ 57. Kd4 Rh7 58. Ne4 Kd7 59. Ke5 Ke8 60. Ke6 Kf8 61. Bb4+ Kg8 62. Ng5 Rb7 63. f7+ Rxf7 64. Nxf7 Kg7 65. Bc3+ 1-0


[Site "https://www.chess.com"]

[Event "Titled Tuesday Blitz January 25 2022"]
[White "Devaev, Alexander"]
[Black "Klimkowski, Jan"]
[WhiteFideId "4169395"]
[BlackFideId "21856222"]
[WhiteElo "2185"]
[BlackElo "2172"]
[Result "0-1"]
[Round "02"]
[TimeControl "180+1"]
[Date "2022.01.26"]
[WhiteClock "0:00:06"]
[BlackClock "0:00:08"]

1. d4 Nf6 2. c4 e6 3. Nf3 d5 4. cxd5 exd5 5. Nc3 c6 6. Bg5 Be7 7. Bxf6 Bxf6 8. e3 O-O 9. Bd3 Re8 10. Qc2 h6 11. h3 Nd7 12. O-O g6 13. b4 Bg7 14. b5 cxb5 15. Bxb5 a6 16. Bd3 Nf6 17. a4 Bd7 18. Ne5 Rc8 19. Qb3 Rc7 20. Rac1 Be6 21. Ne2 Ne4 22. Rxc7 Qxc7 23. Rc1 Qd6 24. Nf4 Bxe5 25. dxe5 Qxe5 26. Bxe4 Qxe4 27. Qxb7 Qxa4 28. Nxe6 Rxe6 29. Qxd5 Kg7 30. g3 Qe4 31. Qd8 Re8 32. Qb6 Re6 33. Qd8 Rc6 34. Rd1 h5 35. h4 Qf3 36. Qd4+ Kh7 37. Rb1 Rc2 38. Rf1 a5 39. Qa4 Rc5 40. Qd4 Rd5 41. Qa4 Rf5 42. Qd4 g5 43. hxg5 Rxg5 44. Qd3+ Kg7 45. Qd4+ Kh7 46. Qd3+ Rg6 47. Qd4 Rg4 48. Qd3+ Kh6 49. Qd6+ Kg7 50. Qe5+ Kg6 51. Qd6+ Qf6 52. Qd3+ Qf5 53. Qd6+ Kh7 54. Qc7 h4 55. Kg2 h3+ 56. Kh2 Rg7 57. Qf4 Qxf4 58. exf4 f5 59. Kxh3 Ra7 60. Ra1 a4 61. Ra3 Kg6 62. f3 Kf6 63. g4 Kg6 64. Kh4 Kf6 65. Kg3 Kg6 66. Kf2 Kf6 67. Ke3 Ke6 68. Kd4 Rf7 69. Ke3 Ra7 70. Kd4 Rf7 71. g5 Ra7 72. Kc5 Ra8 73. Kb5 Kd5 74. Rd3+ Ke6 75. Ra3 Kd5 76. Rxa4 Rb8+ 77. Ka5 Kc5 78. Ka6 Ra8+ 79. Kb7 Rxa4 80. Kc7 Rxf4 81. Kd7 Rxf3 82. Ke6 f4 83. g6 Rg3 84. Kf5 f3 0-1


[Site "https://www.chess.com"]

[Event "Titled Tuesday Blitz January 25 2022"]
[White "Djordjevic, Vuk"]
[Black "Osmak, Yuliia"]
[WhiteFideId "902098"]
[BlackFideId "14101602"]
[WhiteElo "2463"]
[BlackElo "2302"]
[Result "1-0"]
[Round "02"]
[TimeControl "180+1"]
[Date "2022.01.26"]
[WhiteClock "0:00:42"]
[BlackClock "0:00:03"]

1. d4 Nf6 2. Bg5 e6 3. e4 d5 4. e5 h6 5. Be3 Nfd7 6. f4 c5 7. c3 b6 8. Nf3 a5 9. a4 Ba6 10. Nbd2 Bxf1 11. Nxf1 Nc6 12. g4 h5 13. gxh5 Qc7 14. Ng3 O-O-O 15. Ng5 Ndb8 16. dxc5 Bxc5 17. Bxc5 bxc5 18. O-O Qe7 19. Qg4 Kb7 20. Rae1 Nd7 21. c4 d4 22. N3e4 f5 23. exf6 gxf6 24. Qxe6 fxg5 25. Qxe7 Nxe7 26. Nd6+ Kc6 27. Nf7 Nf5 28. Re6+ Kc7 29. Nxd8 Kxd8 30. fxg5 Ne3 31. Rf7 Rxh5 32. Rd6 Rxg5+ 33. Kh1 Nxc4 34. Rdxd7+ Ke8 35. Rfe7+ Kf8 36. Rh7 Kg8 37. Rhe7 Kf8 38. Rf7+ Kg8 39. Ra7 d3 40. Rfd7 Rf5 41. Rxd3 Nxb2 42. Rd8+ Rf8 43. Rxf8+ Kxf8 44. Rxa5 c4 45. Ra8+ Ke7 46. a5 c3 47. Rc8 Na4 48. a6 Kd7 49. Rxc3 Nxc3 50. a7 1-0


[Site "https://www.chess.com"]

[Event "Titled Tuesday Blitz January 25 2022"]
[White "Donchenko, Alexander"]
[Black "Saravana, Krishnan P."]
[WhiteFideId "24603295"]
[BlackFideId "5018382"]
[WhiteElo "2539"]
[BlackElo "2210"]
[Result "0-1"]
[Round "02"]
[TimeControl "180+1"]
[Date "2022.01.26"]
[WhiteClock "0:00:08"]
[BlackClock "0:00:15"]

1. d4 d5 2. c4 c6 3. Nf3 Nf6 4. e3 Bf5 5. Nc3 e6 6. Nh4 Be4 7. f3 Bg6 8. Bd2 Bd6 9. Qb3 Qb6 10. c5 Qxb3 11. axb3 Be7 12. Nxg6 hxg6 13. b4 Nbd7 14. b5 O-O 15. b4 cxb5 16. Bxb5 a6 17. Bd3 Rac8 18. Ke2 e5 19. g4 Rfe8 20. g5 exd4 21. gxf6 dxc3 22. fxe7 cxd2 23. Kxd2 Rxe7 24. h4 Ne5 25. Be2 Rd8 26. h5 g5 27. h6 d4 28. exd4 Rxd4+ 29. Kc3 Nc6 30. h7+ Kh8 31. Bd3 Re3 32. Rad1 g6 33. Rhg1 Kxh7 34. Rxg5 Rxf3 35. Rg2 Kg7 36. Rgd2 Rxb4 37. Rf1 Rxf1 38. Bxf1 Rf4 39. Bg2 Rf5 40. Kc4 Na5+ 41. Kb4 Rxc5 42. Kxc5 Nb3+ 43. Kb4 Nxd2 44. Kc3 Nb1+ 45. Kb2 Nd2 46. Kc3 f5 47. Kxd2 b6 48. Bb7 a5 49. Bc6 Kf6 50. Ke3 Ke5 51. Bd7 g5 52. Kf3 g4+ 53. Kg3 Ke4 54. Kg2 Kf4 55. Kf2 Kg5 56. Ke3 f4+ 57. Ke4 f3 58. Ke3 Kh4 59. Kf2 Kh3 60. Bc6 Kh2 61. Kf1 a4 62. Bxa4 g3 0-1


[Site "https://www.chess.com"]

[Event "Titled Tuesday Blitz January 25 2022"]
[White "Ekdyshman, Mikhail"]
[Black "Senthil Maran K"]
[WhiteFideId "4149416"]
[BlackFideId "25035681"]
[WhiteElo "2156"]
[BlackElo "2194"]
[Result "0-1"]
[Round "02"]
[TimeControl "180+1"]
[Date "2022.01.26"]
[WhiteClock "0:00:38"]
[BlackClock "0:01:13"]

1. e4 c6 2. d4 d5 3. exd5 cxd5 4. c4 Nf6 5. Nc3 g6 6. cxd5 Nxd5 7. Bc4 Nxc3 8. bxc3 Bg7 9. Nf3 O-O 10. Bb3 Nc6 11. h4 Bg4 12. h5 Bxh5 13. Rxh5 gxh5 14. Ng5 h6 15. Nxf7 Rxf7 16. Qxh5 e6 17. Bxh6 Bxh6 18. Qxh6 Qf6 19. Qe3 Re8 20. Kf1 Na5 21. Ba4 Ref8 22. f3 Nc4 23. Qe2 Nd6 24. Bc2 Nf5 25. Kg1 Nxd4 0-1


[Site "https://www.chess.com"]

[Event "Titled Tuesday Blitz January 25 2022"]
[White "Espinosa Veloz, Ermes"]
[Black "Talibov, Shiroghlan"]
[WhiteFideId "3507424"]
[BlackFideId "13429078"]
[WhiteElo "2333"]
[BlackElo "2070"]
[Result "1-0"]
[Round "02"]
[TimeControl "180+1"]
[Date "2022.01.26"]
[WhiteClock "0:00:34"]
[BlackClock "0:00:17"]

1. c4 e5 2. g3 Nf6 3. Bg2 c6 4. d4 e4 5. Nc3 d5 6. cxd5 cxd5 7. Bg5 Be6 8. Nh3 Bd6 9. Nf4 Bxf4 10. Bxf4 Nc6 11. O-O Rc8 12. f3 exf3 13. exf3 O-O 14. Qd2 h6 15. Rac1 Qd7 16. Rfe1 Rfe8 17. Be3 Na5 18. b3 Nc6 19. Bf2 Bh3 20. Bh1 Bf5 21. g4 Bg6 22. h3 Nb4 23. Rxe8+ Rxe8 24. Re1 Rc8 25. f4 Qc6 26. f5 Qxc3 27. Qxc3 Rxc3 28. fxg6 fxg6 29. Re7 Nd3 30. Bg3 Rc1+ 31. Kh2 Rc2+ 32. Kg1 Rxa2 33. Rxb7 Ne4 34. Bxe4 dxe4 35. d5 Rd2 36. d6 Kh7 37. Re7 Nc1 38. Be5 Kg8 39. d7 Rd1+ 40. Kf2 Nd3+ 41. Ke2 1-0


[Site "https://www.chess.com"]

[Event "Titled Tuesday Blitz January 25 2022"]
[White "FGHSMN"]
[Black "Koelle, Tobias"]
[BlackFideId "16207378"]
[WhiteElo "2729"]
[BlackElo "2541"]
[Result "0-1"]
[Round "02"]
[TimeControl "180+1"]
[Date "2022.01.26"]
[WhiteClock "0:00:02"]
[BlackClock "0:00:18"]

1. e4 g6 2. d4 Bg7 3. Nc3 d5 4. e5 f6 5. f4 Nh6 6. Nf3 O-O 7. Be2 Nc6 8. Be3 Bg4 9. Qd2 Nf5 10. Bf2 fxe5 11. dxe5 e6 12. O-O-O Bxf3 13. gxf3 Bh6 14. Kb1 Nxe5 15. Nb5 Nc6 16. Rde1 a6 17. Nc3 Qf6 18. h4 Ng7 19. Bc5 Rf7 20. Reg1 Nh5 21. Nd1 Bxf4 22. Qe1 Kh8 23. Nf2 b6 24. Ng4 Qg7 25. Bf2 Ne5 26. Bd4 c5 27. Bxe5 Bxe5 28. c3 Bf4 29. Bd3 e5 30. c4 dxc4 31. Bxc4 Re7 32. Qe4 Qf8 33. Qc6 b5 34. Be6 c4 35. Rd1 Ng7 36. Bd7 Rd8 37. Rd5 Rexd7 38. Rxd7 Qf5+ 39. Ka1 Qxd7 40. Qxd7 Rxd7 41. Nf6 Rd8 42. Ne4 Ne6 43. h5 g5 44. a3 Nd4 45. Ka2 h6 46. Nf6 Kg7 47. Ng4 Nxf3 48. Rf1 Nh2 49. Re1 Nxg4 0-1


[Site "https://www.chess.com"]

[Event "Titled Tuesday Blitz January 25 2022"]
[White "Gaehwiler, Gabriel"]
[Black "Jakubowski, Krzysztof"]
[WhiteFideId "1314530"]
[BlackFideId "1112848"]
[WhiteElo "2383"]
[BlackElo "2365"]
[Result "0-1"]
[Round "02"]
[TimeControl "180+1"]
[Date "2022.01.26"]
[WhiteClock "0:00:02"]
[BlackClock "0:00:05"]

1. d4 Nf6 2. c4 e6 3. g3 d5 4. Bg2 Bb4+ 5. Bd2 Be7 6. Nf3 O-O 7. Qc2 Nbd7 8. O-O c6 9. Bf4 Ne4 10. Nfd2 g5 11. Be3 Nd6 12. f3 f5 13. f4 g4 14. Nc3 h5 15. b4 Nf6 16. b5 Bd7 17. Qb3 h4 18. Rfc1 Kg7 19. Bf2 Rh8 20. a4 hxg3 21. Bxg3 Nh5 22. a5 a6 23. bxc6 bxc6 24. Na4 Rb8 25. Qc3 Nxg3 26. hxg3 Bf6 27. Nc5 dxc4 28. e3 Bc8 29. Nxc4 Nb5 30. Qd3 Nxd4 31. exd4 Qxd4+ 32. Qxd4 Bxd4+ 33. Kf1 Bxc5 34. Ne5 Bd4 35. Nxc6 Bxa1 36. Nxb8 Bd4 37. Rc7+ Kf6 38. Nc6 e5 39. Na7 Be6 40. fxe5+ Bxe5 41. Rc6 Ke7 42. Rb6 Bxg3 43. Nc6+ Kf7 44. Nd4 Bc4+ 45. Kg1 Rd8 46. Rb7+ Kg6 47. Rb6+ Kh5 48. Nxf5 Bf4 49. Ng7+ Kh4 50. Kf2 Kg5 51. Kg1 Rd1+ 52. Kf2 Rd2+ 53. Kg1 Ra2 54. Ne6+ Bxe6 55. Rxe6 g3 56. Re1 Rxa5 57. Rd1 Ra2 58. Kf1 Kf6 59. Rd5 Rf2+ 60. Kg1 Be5 61. Ra5 Rd2 62. Rxa6+ Kg5 63. Kf1 Bd4 64. Ra5+ Kf4 65. Bh3 Rf2+ 66. Ke1 Bc3+ 67. Kd1 Bxa5 0-1


[Site "https://www.chess.com"]

[Event "Titled Tuesday Blitz January 25 2022"]
[White "Galyas, Miklos"]
[Black "Vasquez Schroeder, Rodrigo"]
[WhiteFideId "707244"]
[BlackFideId "3400042"]
[WhiteElo "2409"]
[BlackElo "2568"]
[Result "0-1"]
[Round "02"]
[TimeControl "180+1"]
[Date "2022.01.26"]
[WhiteClock "0:00:08"]
[BlackClock "0:00:48"]

1. c4 e5 2. Nc3 Nf6 3. g3 Bb4 4. e4 Bxc3 5. dxc3 d6 6. f3 Be6 7. Nh3 O-O 8. Nf2 a6 9. Bd3 Nbd7 10. Qe2 c6 11. O-O Nc5 12. b3 b5 13. cxb5 axb5 14. Be3 Nxd3 15. Nxd3 Qc7 16. Rad1 c5 17. Nf2 d5 18. Bg5 d4 19. Bxf6 gxf6 20. cxd4 cxd4 21. Nd3 Kh8 22. f4 Rg8 23. f5 Bd7 24. Rc1 Qd6 25. Rc2 b4 26. Rfc1 Bb5 27. Qd2 Bxd3 28. Qxd3 Ra7 29. Rc6 Qe7 30. R1c2 Rd7 31. R2c4 Rgd8 32. Rc2 Rd6 33. Rc7 R6d7 34. R7c6 Kg7 35. R2c4 h5 36. Kg2 Ra7 37. Rc2 Rda8 38. Qd2 Qb7 39. Kh3 Rxa2 40. Rxa2 Rxa2 41. Qxa2 Qxc6 42. Qe2 Kf8 43. Kh4 Qc3 44. Kxh5 d3 45. Qe3 Qd4 46. Qh6+ Ke7 47. Qh8 Qxe4 48. Qb8 Qxf5+ 49. Kh4 Qe4+ 50. Kh5 d2 51. Qc7+ Kf8 52. Qd8+ Kg7 53. Qxd2 Qf3+ 54. Kh4 Qxb3 55. g4 Qc3 56. Qd8 Qd4 57. Kh5 Qxd8 0-1


[Site "https://www.chess.com"]

[Event "Titled Tuesday Blitz January 25 2022"]
[White "Gelman, Alexander"]
[Black "Gajwa Ankit"]
[WhiteFideId "4118316"]
[BlackFideId "5077834"]
[WhiteElo "2375"]
[BlackElo "2098"]
[Result "0-1"]
[Round "02"]
[TimeControl "180+1"]
[Date "2022.01.26"]
[WhiteClock "0:00:03"]
[BlackClock "0:00:08"]

1. d4 Nf6 2. Nc3 d5 3. Bf4 g6 4. e3 Bg7 5. Nb5 Na6 6. h4 O-O 7. h5 c6 8. Nc3 c5 9. hxg6 hxg6 10. Bxa6 bxa6 11. Nf3 Ne4 12. Nxe4 dxe4 13. Ne5 cxd4 14. exd4 Qb6 15. Qd2 Qxb2 16. Rd1 Rd8 17. Nc6 Rd7 18. Bh6 Bf6 19. Bg5 Bg7 20. Nxe7+ Kf8 21. Qf4 Qb4+ 22. c3 Qxc3+ 23. Kf1 Rxd4 24. Rc1 Qd3+ 25. Kg1 Be6 26. Bf6 Qd2 27. Bxg7+ Kxg7 28. Qe5+ f6 29. Qc5 Qd3 30. Qc7 Rd7 31. Qc6 Bf7 32. Qxa8 e3 33. Nxg6 exf2+ 34. Kxf2 Kxg6 35. Qf3 Qd2+ 36. Kg3 Rd3 37. Rcf1 Rxf3+ 38. Rxf3 Qd6+ 39. Kf2 Be6 40. Rh4 Bd5 41. Rg3+ Kf7 42. Rd4 Qc5 43. Rd3 Bxa2 44. Kf3 Be6 45. Rd6 Qf5+ 46. Ke3 Qe5+ 47. Kd2 a5 48. Ra6 a4 49. Rxa7+ Kg6 50. Re3 Qb2+ 51. Ke1 Qc1+ 52. Kf2 Qc5 53. Kf3 Qxa7 0-1


[Site "https://www.chess.com"]

[Event "Titled Tuesday Blitz January 25 2022"]
[White "Golubev, Mikhail"]
[Black "Howell, David W L"]
[WhiteFideId "14100983"]
[BlackFideId "410608"]
[WhiteElo "2374"]
[BlackElo "2559"]
[Result "1/2-1/2"]
[Round "02"]
[TimeControl "180+1"]
[Date "2022.01.26"]
[WhiteClock "0:01:11"]
[BlackClock "0:00:38"]

1. e4 e6 2. d4 d5 3. Nc3 Nf6 4. Bg5 dxe4 5. Nxe4 Be7 6. Nxf6+ Bxf6 7. Bxf6 Qxf6 8. Qd2 c5 9. O-O-O cxd4 10. Qxd4 Qxd4 11. Rxd4 Ke7 12. g3 Bd7 13. Bg2 Bc6 14. Nf3 Nd7 15. Rhd1 Nf6 16. Ne1 Bxg2 17. Nxg2 Rhc8 18. Ne3 Rc7 19. a4 g5 20. h4 h6 21. c3 Rg8 22. hxg5 hxg5 23. Rh1 Rd7 24. Rxd7+ Kxd7 25. Kd2 Rd8 26. Ke2 Ke7 27. Rd1 Rh8 28. Rd4 Nd7 29. Rb4 b6 30. a5 Kd6 31. axb6 axb6 32. Rd4+ Kc7 33. Rc4+ Kb7 34. Rd4 Kc7 35. Rc4+ Kd6 36. Rd4+ Kc7 1/2-1/2


[Site "https://www.chess.com"]

[Event "Titled Tuesday Blitz January 25 2022"]
[White "Goryachkina, Aleksandra"]
[Black "Zong, Davis"]
[WhiteFideId "4147103"]
[BlackFideId "30903955"]
[WhiteElo "2426"]
[BlackElo "2061"]
[Result "1-0"]
[Round "02"]
[TimeControl "180+1"]
[Date "2022.01.26"]
[WhiteClock "0:01:26"]
[BlackClock "0:00:57"]

1. e4 e5 2. Nf3 Nc6 3. d4 exd4 4. Nxd4 Bc5 5. Nb3 Bb6 6. Nc3 Nf6 7. Bg5 O-O 8. Bd3 h6 9. Bh4 d6 10. O-O Be6 11. Kh1 Nd4 12. Nxd4 Bxd4 13. Ne2 Bxb2 14. Rb1 Ba3 15. f4 g5 16. fxg5 Ng4 17. Qd2 Bc5 18. Rf3 Bd4 19. Nxd4 1-0


[Site "https://www.chess.com"]

[Event "Titled Tuesday Blitz January 25 2022"]
[White "Gracia Alvarez, Gerardo Antonio"]
[Black "Petrovskyi, Vadym"]
[WhiteFideId "5109124"]
[BlackFideId "14165210"]
[WhiteElo "2139"]
[BlackElo "2424"]
[Result "0-1"]
[Round "02"]
[TimeControl "180+1"]
[Date "2022.01.26"]
[WhiteClock "0:00:34"]
[BlackClock "0:00:53"]

1. e4 c5 2. Be2 g6 3. d3 Bg7 4. f4 d5 5. Nf3 Nc6 6. O-O Nf6 7. e5 Nd7 8. c3 O-O 9. d4 cxd4 10. cxd4 Nb6 11. Nc3 Bf5 12. Be3 Rc8 13. Rc1 Nc4 14. Bxc4 dxc4 15. d5 Nb4 16. Nd4 Bd3 17. Qf3 Bxf1 18. Rxf1 Nd3 19. Qe2 a6 20. b3 b5 21. bxc4 bxc4 22. Nc6 Qd7 23. Rb1 e6 24. Na5 exd5 25. Rb7 Qd8 26. Bb6 Qe8 27. Nxd5 Kh8 28. Nxc4 Rxc4 29. Qxd3 Qb5 30. Be3 Rc1+ 31. Bxc1 Qxd3 0-1


[Site "https://www.chess.com"]

[Event "Titled Tuesday Blitz January 25 2022"]
[White "Gunina, Valentina"]
[Black "Di Nicolantonio, Lucas"]
[WhiteFideId "4167570"]
[BlackFideId "680460"]
[WhiteElo "2465"]
[BlackElo "2381"]
[Result "0-1"]
[Round "02"]
[TimeControl "180+1"]
[Date "2022.01.26"]
[WhiteClock "0:00:04"]
[BlackClock "0:00:04"]

1. d4 d5 2. c4 e6 3. Nf3 Nf6 4. Nc3 dxc4 5. e4 b5 6. e5 Nd5 7. Nxb5 Nb6 8. Be2 Bb7 9. h4 Nc6 10. Rh3 Ne7 11. Nc3 Qd7 12. h5 h6 13. Rh4 Nf5 14. Rf4 Bb4 15. Kf1 Bxc3 16. bxc3 Nd5 17. Rxf5 Nxc3 18. Qc2 Nxe2 19. Qxe2 exf5 20. Ba3 Qa4 21. Bc5 c3 22. Kg1 Bd5 23. Rc1 Qxa2 24. Qb5+ Kd8 25. e6 Bxe6 26. Ne5 Qb2 27. Nc6+ Ke8 28. Nb4+ Kd8 29. Re1 Bd7 30. Qb7 Rc8 31. Be7+ Ke8 32. Bc5+ Kd8 33. Qd5 c6 0-1


[Site "https://www.chess.com"]

[Event "Titled Tuesday Blitz January 25 2022"]
[White "Guz, Ari"]
[Black "Hakobyan, Aram"]
[WhiteFideId "2825759"]
[BlackFideId "13306677"]
[WhiteElo "1913"]
[BlackElo "2557"]
[Result "0-1"]
[Round "02"]
[TimeControl "180+1"]
[Date "2022.01.26"]
[WhiteClock "0:00:40"]
[BlackClock "0:00:26"]

1. b3 Nf6 2. Bb2 g6 3. g3 Bg7 4. Bg2 c5 5. Nf3 d5 6. O-O O-O 7. d3 d4 8. Nbd2 Nc6 9. Re1 Nd5 10. Nc4 e5 11. e3 b5 12. Ncd2 dxe3 13. fxe3 Re8 14. Qe2 Ndb4 15. Ne4 Qe7 16. a3 Na6 17. Nc3 Nc7 18. Nd2 Bb7 19. Nd5 Nxd5 20. Bxd5 Rad8 21. Bg2 e4 22. Bxg7 exd3 23. cxd3 Kxg7 24. Rac1 Ne5 25. d4 Bxg2 26. Kxg2 cxd4 27. exd4 Rxd4 28. Nf3 Nxf3 29. Qxe7 Nxe1+ 30. Rxe1 Rxe7 31. Rxe7 a5 32. Rb7 b4 33. axb4 axb4 34. Kf2 Rd2+ 35. Kg1 Rd4 36. Kf2 h5 37. Ke3 Rg4 38. Kf3 Kf6 39. h3 Rd4 40. Ke3 Rd1 41. Rxb4 Rg1 42. Kf2 Rh1 43. h4 Rb1 44. Rb6+ Kf5 45. Kf3 Rf1+ 46. Kg2 Rc1 47. Rb5+ Ke4 48. Rb4+ Ke3 49. Rb7 Rc2+ 50. Kh3 f5 51. Rb6 Kf2 52. Rb4 Kg1 53. g4 Rc3# 0-1


[Site "https://www.chess.com"]

[Event "Titled Tuesday Blitz January 25 2022"]
[White "Hamitevici, Vladimir"]
[Black "Belenkaya, Dina"]
[WhiteFideId "13902393"]
[BlackFideId "24142654"]
[WhiteElo "2359"]
[BlackElo "2196"]
[Result "1-0"]
[Round "02"]
[TimeControl "180+1"]
[Date "2022.01.26"]
[WhiteClock "0:00:24"]
[BlackClock "0:00:51"]

1. a3 d5 2. Nf3 Nf6 3. b4 c6 4. Bb2 g6 5. e3 Bg7 6. c4 O-O 7. d4 Bf5 8. Nc3 Nbd7 9. Qb3 a5 10. b5 dxc4 11. Bxc4 Nb6 12. Be2 Be6 13. Qc2 Nc4 14. Ng5 Nxb2 15. Nxe6 fxe6 16. Qxb2 Nd5 17. Ne4 Qc7 18. Nc5 Rf6 19. Bg4 Qc8 20. O-O b6 21. Ne4 c5 22. Nxf6+ Bxf6 23. Rac1 h5 24. Bh3 g5 25. g3 g4 26. Bg2 Qd7 27. Qc2 cxd4 28. Qg6+ Bg7 29. exd4 Rd8 30. Qxh5 Nf6 31. Qe5 Qxd4 32. Qxe6+ Kh8 33. Rcd1 Qxd1 34. Rxd1 Rxd1+ 35. Bf1 Nd5 36. Qc8+ Kh7 37. Qc2+ 1-0


[Site "https://www.chess.com"]

[Event "Titled Tuesday Blitz January 25 2022"]
[White "Hirneise, Jens"]
[Black "Mirzoev, Azer"]
[WhiteFideId "24614734"]
[BlackFideId "13400304"]
[WhiteElo "2323"]
[BlackElo "2525"]
[Result "0-1"]
[Round "02"]
[TimeControl "180+1"]
[Date "2022.01.26"]
[WhiteClock "0:00:16"]
[BlackClock "0:01:36"]

1. c4 Nf6 2. Nc3 c5 3. Nf3 b6 4. g3 Bb7 5. Bg2 e6 6. O-O Be7 7. d4 cxd4 8. Qxd4 Nc6 9. Qf4 Na5 10. b3 O-O 11. Rd1 Qb8 12. Qxb8 Raxb8 13. Bf4 Rbd8 14. Nb5 Nc6 15. Ne5 a6 16. Nd4 Nxd4 17. Bxb7 Nxe2+ 18. Kg2 Nxf4+ 19. gxf4 a5 20. Bf3 Bc5 21. Rd3 g6 22. Rad1 d6 23. Nc6 Rd7 24. Ra1 Rc7 25. a3 d5 26. cxd5 Nxd5 27. Bxd5 exd5 28. Ne5 Rd8 29. Rc1 Rcc8 30. Ra1 Kg7 31. Rd2 f6 32. Nf3 Kf7 33. b4 Be7 34. bxa5 bxa5 35. Nd4 Rc4 36. a4 Bb4 37. Rd3 Bc3 38. Nb5 Bxa1 0-1


[Site "https://www.chess.com"]

[Event "Titled Tuesday Blitz January 25 2022"]
[White "Horvath, Dominik"]
[Black "Brunner, Nicolas"]
[WhiteFideId "1642561"]
[BlackFideId "620246"]
[WhiteElo "2336"]
[BlackElo "2372"]
[Result "1-0"]
[Round "02"]
[TimeControl "180+1"]
[Date "2022.01.26"]
[WhiteClock "0:01:17"]
[BlackClock "0:00:04"]

1. Nf3 c5 2. c4 Nc6 3. Nc3 e5 4. e3 Nf6 5. d4 cxd4 6. exd4 e4 7. Ne5 Bb4 8. Be2 Qa5 9. O-O Bxc3 10. bxc3 Qxc3 11. Nxc6 dxc6 12. Rb1 O-O 13. Rb3 Qa5 14. Rg3 Bf5 15. Rg5 h6 16. Bd2 Qxd2 17. Qxd2 hxg5 18. Qxg5 Bg6 19. h4 Rfd8 20. h5 Bh7 21. Rd1 Nd7 22. h6 Bg6 23. Bh5 Nf8 24. d5 cxd5 25. cxd5 Rd6 26. Qe5 Rf6 27. hxg7 Kxg7 28. Bg4 Rd8 29. d6 Ne6 30. d7 b6 31. Rd6 Bh7 32. Bxe6 fxe6 33. Rxe6 1-0


[Site "https://www.chess.com"]

[Event "Titled Tuesday Blitz January 25 2022"]
[White "Ibrahimli, Murad"]
[Black "Coto Mederos, Michel"]
[WhiteFideId "13410229"]
[BlackFideId "3508528"]
[WhiteElo "2109"]
[BlackElo "2427"]
[Result "1-0"]
[Round "02"]
[TimeControl "180+1"]
[Date "2022.01.26"]
[WhiteClock "0:00:20"]
[BlackClock "0:00:01"]

1. Nf3 d5 2. d4 Nf6 3. c4 e6 4. Nc3 Be7 5. Bf4 b6 6. e3 Bb7 7. Rc1 c5 8. cxd5 exd5 9. Bb5+ Nbd7 10. Ne5 Rc8 11. Qe2 O-O 12. O-O c4 13. Ba4 a6 14. Bc2 b5 15. a3 Ne4 16. Nxe4 dxe4 17. f3 Nxe5 18. Bxe5 exf3 19. gxf3 Bd6 20. Bxd6 Qxd6 21. Rcd1 c3 22. b4 Rfe8 23. e4 f5 24. e5 Qg6+ 25. Kh1 Qh5 26. d5 Rcd8 27. Bb3 f4 28. Rfe1 Rd6 29. Qe4 Rxe5 30. Qxf4 Rxe1+ 31. Rxe1 Qg6 32. Re6 Rxe6 33. dxe6 Qb1+ 34. Kg2 1-0


[Site "https://www.chess.com"]

[Event "Titled Tuesday Blitz January 25 2022"]
[White "Idrisov, Ildar F"]
[Black "Azadaliyev, Jahandar"]
[WhiteFideId "4151020"]
[BlackFideId "13425811"]
[WhiteElo "2209"]
[BlackElo "1795"]
[Result "0-1"]
[Round "02"]
[TimeControl "180+1"]
[Date "2022.01.26"]
[WhiteClock "0:00:25"]
[BlackClock "0:01:37"]

1. Nf3 d5 2. b3 e6 3. Bb2 Nd7 4. e3 Ngf6 5. d4 b6 6. Bd3 Bb7 7. Nbd2 Bd6 8. Ne5 O-O 9. O-O c5 10. f4 cxd4 11. exd4 Ne4 12. Nxe4 dxe4 13. Bb5 Nf6 14. a4 Rc8 15. Qe2 Qc7 16. Rac1 Rfd8 17. Rfd1 Nd5 18. g3 Nc3 19. Bxc3 Qxc3 20. Nc4 Bb8 21. Qe3 Qb4 22. Nb2 Rc3 23. Qe1 Rxd4 24. Bc4 Qc5 25. Rxd4 Qxd4+ 26. Kg2 e3+ 27. Kh3 Qf6 28. g4 Qxf4 29. Qe2 Qh6# 0-1


[Site "https://www.chess.com"]

[Event "Titled Tuesday Blitz January 25 2022"]
[White "Ingebretsen, Jens E"]
[Black "Efimenko, Zahar"]
[WhiteFideId "1522965"]
[BlackFideId "14107201"]
[WhiteElo "2072"]
[BlackElo "2528"]
[Result "0-1"]
[Round "02"]
[TimeControl "180+1"]
[Date "2022.01.26"]
[WhiteClock "0:00:04"]
[BlackClock "0:00:10"]

1. e4 e5 2. Nf3 Nc6 3. Bb5 a6 4. Ba4 Nf6 5. O-O Be7 6. Re1 b5 7. Bb3 d6 8. c3 O-O 9. h3 Nb8 10. d4 Nbd7 11. Nbd2 c5 12. Nf1 Re8 13. Ng3 Bf8 14. a4 Rb8 15. axb5 axb5 16. d5 c4 17. Bc2 Nc5 18. Be3 Qc7 19. Bg5 Be7 20. Nh4 g6 21. f4 exf4 22. Bxf4 Nfd7 23. Nhf5 gxf5 24. Nxf5 Ne5 25. Bxe5 Bxf5 26. exf5 dxe5 27. Qg4+ Kf8 28. Qh5 Bf6 29. Qxh7 Ke7 30. d6+ Qxd6 31. Ra7+ Rb7 32. Rxb7+ Nxb7 33. Rd1 Qc5+ 34. Kh1 Rh8 35. Rd7+ Kxd7 36. Qxf7+ Qe7 37. Qd5+ Kc7 38. Be4 Kb8 39. Qxb5 Rc8 40. Qb6 Rc7 41. g4 Qd6 42. Qb5 Qd1+ 43. Kh2 Qe2+ 44. Bg2 e4 45. Qe8+ Rc8 46. Qf7 Be5+ 47. Kg1 Qe1+ 48. Bf1 Qe3+ 49. Kh1 Qf3+ 50. Kg1 e3 51. Bg2 Qf2+ 52. Kh1 Qe1+ 53. Bf1 Qxf1# 0-1


[Site "https://www.chess.com"]

[Event "Titled Tuesday Blitz January 25 2022"]
[White "Iskusnyh, Sergei"]
[Black "Sarana, Alexey"]
[WhiteFideId "4120027"]
[BlackFideId "24133795"]
[WhiteElo "2492"]
[BlackElo "2665"]
[Result "0-1"]
[Round "02"]
[TimeControl "180+1"]
[Date "2022.01.26"]
[WhiteClock "0:00:02"]
[BlackClock "0:00:14"]

1. d4 Nf6 2. c4 g6 3. g3 c6 4. Bg2 d5 5. e3 dxc4 6. Ne2 Bg7 7. O-O O-O 8. Na3 Be6 9. Qc2 Nd5 10. Nxc4 Nb4 11. Qb3 a5 12. Nf4 Bd5 13. Nxd5 cxd5 14. Nxa5 Qxa5 15. Bd2 N8c6 16. a3 e6 17. Bxb4 Qb6 18. Rfc1 Rfc8 19. Qc2 Nxb4 20. Qxc8+ Rxc8 21. Rxc8+ Bf8 22. axb4 Kg7 23. Raa8 Bxb4 24. Rg8+ Kf6 25. Bf1 Be7 26. Ra2 Qb3 27. Ra7 Qb6 28. Ra2 h5 29. h4 Bd6 30. Rc8 Qb3 31. Ra7 Qxb2 32. Rd8 Qb6 33. Raa8 Be7 34. Rd7 Qc6 35. Rxe7 Kxe7 36. Ra5 Qc7 37. Rb5 f6 38. Bd3 g5 39. hxg5 fxg5 40. Kg2 Kf6 41. Be2 h4 42. gxh4 gxh4 43. Bg4 Qc6 44. Be2 b6 45. Rb2 Kg5 46. Rb5 Qc2 47. Bf3 Qc6 48. Rb2 Kf5 49. Rb3 Qc7 50. Rb5 Qg7+ 51. Kh2 Qd7 52. Rb4 Qd6+ 0-1


[Site "https://www.chess.com"]